 Dungeon Crawl Stone Soup version 0.26.1-11-gd32895ea62 (webtiles) character file.

Game seed: 3690369216338755825

11816 phalm the Geomancer (level 11, -7/62 HPs)
             Began as a Gargoyle Earth Elementalist on Apr 27, 2021.
             Was a High Priest of Vehumet.
             Mangled by a komodo dragon (23 damage)
             ... on level 10 of the Dungeon.
             The game lasted 00:52:51 (13235 turns).

phalm the Geomancer (Gargoyle Earth Elementalist)  Turns: 13235, Time: 00:52:52

Health: -7/62      AC: 19    Str: 12    XL:     11   Next: 83%
Magic:  3/22       EV: 13    Int: 19    God:    Vehumet [*****.]
Gold:   77         SH:  0    Dex: 10    Spells: 9/24 levels left

rFire    + . .     SeeInvis +   E - +5 mace (freeze)
rCold    + . .     Faith    .   (no shield)
rNeg     + . .     Spirit   .   l - +1 leather armour {rF+} rPois โˆž Reflect .
                                n - +2 hat
rElec    +         Harm     .   (no cloak)
rCorr    .         Rampage  .   (no gloves)
Will     .....     Clarity  +   C - +2 pair of boots "Xeribb" {*Corrode rPois rC+ SInv}
Stlth    ++........             (no amulet)
HPRegen  0.20/turn              (no ring)
MPRegen  0.18/turn              (no ring)

@: no status effects
A: iridescent scales 1, clarity, negative energy resistance 1, electricity
resistance, unbreathing, petrification resistance, miasma immunity, AC +8
a: Renounce Religion


You were on level 10 of the Dungeon.
You worshipped Vehumet.
Vehumet was extremely pleased with you.
You visited 2 branches of the dungeon, and saw 11 of its levels.

You collected 725 gold pieces.
You spent 648 gold pieces at shops.


Innate Abilities, Weirdness & Mutations

You are resistant to torment.
Your stone body is resilient. (AC +8)
You are immune to poison.
You resist negative energy. (rN+)
You are resistant to electric shocks. (rElec)
You can survive without breathing.
You are immune to petrification.
You are immune to miasma.
You are partially covered in iridescent scales. (AC +2)
You possess an exceptional clarity of mind.


   Skills:
 + Level 4.7 Fighting
 + Level 4.2 Staves
 + Level 4.8 Armour
 + Level 4.1 Dodging
 - Level 2.1 Stealth
 + Level 7.3 Spellcasting
 - Level 6.0 Conjurations
 + Level 2.1 Hexes
 - Level 3.0 Transmutations
 + Level 2.2 Fire Magic
 * Level 13.2 Earth Magic
 + Level 4.0 Evocations


You had 9 spell levels left.
You knew the following spells:

 Your Spells              Type           Power        Failure   Level
a - Passwall              Tmut/Erth      30%          1%          2
f - Inner Flame           Hex/Fire       15%          4%          3
l - Lee's Rapid Deconstr  Erth           27%          1%          5
m - Magic Dart            Conj           100%         1%          1
w - Stone Arrow           Conj/Erth      86%          1%          3
z - Sandblast             Erth           100%         1%          1

Your spell library contained the following spells:

 Spells                   Type           Power        Failure   Level
 Conjure Ball Lightning   Conj/Air       9%           77%         6
 Petrify                  Tmut/Erth      37%          4%          4

Inventory:

Hand Weapons
 E - a +5 mace of freezing (weapon)
   (You took it off a wight on level 7 of the Dungeon)
Missiles
 b - 43 stones
 k - a throwing net {=f}
Armour
 l - a +1 leather armour of fire resistance (worn)
   (You took it off an orc priest on level 9 of the Dungeon)
 n - a +2 hat (worn)
   (You found it on level 2 of the Dungeon)
 C - the +2 pair of boots "Xeribb" (worn) {*Corrode rPois rC+ SInv}
   (You bought it in a shop on level 9 of the Dungeon)

   It protects you from cold.
   It protects you from poison.
   It lets you see invisible.
   It may corrode you when you take damage.
Magical Staves
 D - an uncursed staff of death
   (You found it on level 7 of the Dungeon)
 I - an uncursed staff of air
   (You found it on level 8 of the Dungeon)
Jewellery
 f - an uncursed ring of protection from fire
   (You took it off an orc on level 10 of the Dungeon)
 F - an uncursed ring of fire
   (You found it on level 9 of the Dungeon)
Wands
 p - a wand of disintegration (15)
   (You took it off a big kobold on level 10 of the Dungeon)
 z - a wand of enslavement (6)
   (You found it on level 6 of the Dungeon)
Scrolls
 a - 5 scrolls of remove curse {@r2}
 e - 2 scrolls of enchant weapon
 h - 3 scrolls of blinking {!r}
 j - 2 scrolls of teleportation {@r4}
 r - 2 scrolls of silence {!r}
 s - 2 scrolls of enchant armour
 x - a scroll of fog
 y - a scroll of holy word {unknown}
 A - 2 scrolls of brand weapon
 G - a scroll of immolation {!r!r}
 H - 2 scrolls of magic mapping {!r}
Potions
 d - 3 potions of brilliance {unknown}
 g - a potion of attraction {unknown}
 i - 3 potions of mutation {!q}
 o - a potion of ambrosia {unknown}
 q - 9 potions of curing {@q1}
 t - a potion of heal wounds {@q2}
 u - a potion of lignification {!q}
 v - a potion of invisibility {unknown}
 w - a potion of haste {unknown}
 B - a potion of degeneration {unknown}

Dungeon Overview and Level Annotations

Branches:
Dungeon (10/15)            Temple (0/1) D:7            Lair (1/6) D:10
    Orc (0/2) D:9

Altars:
Ashenzari
Cheibriados
Fedhas
Gozag
Hepliaklqana
Nemelex Xobeh
Okawaru
Ru
Sif Muna
Trog
Uskayaw
Vehumet

Shops:
D:4 !   D:6 ! D:9

(* #........# ##.#
#........####..
#..............
#..((...(#####.
#.....<).[#####
#.........((# #
###########(### ###
#.)## #@# ########
##)[#
#l###......#####))
#รท..........#.[.(.
###...........####
#..........#....
#............###
#..........#####
#...............
##........###...


You could see a komodo dragon.


Message History

The seven-headed hydra closely misses you.
The seven-headed hydra bites you!
* * * LOW HITPOINT WARNING * * *
The seven-headed hydra bites you but does no damage. ๐Ÿ˜ฑ HP[-8] MP[-2]
You take 8 damage, and now have 5/62 hp.
You lost 2 mp, and now have 4/21 mp.
Casting: Lee's Rapid Deconstruction (dangerous; 1% risk of failure)
Confirm with . or Enter, or press ? or * to list all spells.
You don't have enough magic to cast that spell.
Casting: Lee's Rapid Deconstruction (dangerous; 1% risk of failure)
Confirm with . or Enter, or press ? or * to list all spells.
Aiming: Stone Arrow (safe; 1% risk of failure)
Press: ? - help, Shift-Dir - straight line The stone arrow hits the seven-headed hydra.
You kill the seven-headed hydra!
Vehumet accepts your kill.
Your Hexes skill increases to level 2!
Your Evocations skill increases to level 4! ๐Ÿ˜ฑ MP[-3]
You lost 3 mp, and now have 1/22 mp.
Okay, then. ๐Ÿ˜ฑ MP[+1]
Things that are here:
a komodo dragon corpse; a cane toad corpse ๐Ÿ˜ฑ HP[+1]
There is a staircase to the Lair here.
You start resting. ๐Ÿ˜จ HP[+21] MP[+20]
You regained 21 hp, and now have 27/62 hp.
Your mp is fully restored (22).
Unknown command.
Done exploring. ๐Ÿ˜Ž HP[+35]
Your hp is fully restored (62).
You climb downwards.
Welcome back to the Lair of Beasts!
The bullfrog hits you but does no damage.
The komodo dragon bites you!!
A water moccasin comes into view.
The bullfrog barely misses you.
A four-headed hydra comes into view.
The komodo dragon bites you but does no damage.
There is a staircase back to the Dungeon here. ๐Ÿ˜ฎ HP[-22]
You take 22 damage, and now have 40/62 hp.
MASSIVE DAMAGE!! (PAUSE)
The bullfrog hits you but does no damage. x2
The komodo dragon bites you but does no damage.
You climb upwards.
Welcome back to the Dungeon!
There is a staircase to the Lair here. ๐Ÿ˜ฎ HP[+1]
Casting: Stone Arrow (safe; 1% risk of failure)
Confirm with . or Enter, or press ? or * to list all spells.
Aiming: Lee's Rapid Deconstruction (dangerous; 1% risk of failure)
Press: ? - help, Dir - move target A rock wall.
The wall shatters!
The blast of rock fragments hits the bullfrog!!
The blast of rock fragments hits the komodo dragon!
The komodo dragon bites you. ๐Ÿ˜ฎ HP[-3] MP[-5]
You take 3 damage, and now have 38/62 hp.
You lost 5 mp, and now have 17/22 mp.
Casting: Lee's Rapid Deconstruction (dangerous; 1% risk of failure)
Confirm with . or Enter, or press ? or * to list all spells.
Aiming: Lee's Rapid Deconstruction (dangerous; 1% risk of failure)
Press: ? - help, Dir - move target A rock wall.
The wall shatters!
The blast of rock fragments hits the bullfrog!!
You kill the bullfrog!
Vehumet accepts your kill.
You feel your power returning.
The blast of rock fragments hits the komodo dragon but does no damage.
The komodo dragon bites you. ๐Ÿ˜ฎ HP[-1] MP[-4]
You take 1 damage, and now have 37/62 hp.
You lost 4 mp, and now have 13/22 mp.
Casting: Lee's Rapid Deconstruction (dangerous; 1% risk of failure)
Confirm with . or Enter, or press ? or * to list all spells.
Aiming: Lee's Rapid Deconstruction (dangerous; 1% risk of failure)
Press: ? - help, Dir - move target A rock wall.
The wall shatters!
The blast of rock fragments hits the komodo dragon!
The komodo dragon bites you!!
* * * LOW HITPOINT WARNING * * *
๐Ÿ˜จ HP[-21] MP[-5]
You take 21 damage, and now have 16/62 hp.
MASSIVE DAMAGE!! (PAUSE)
You lost 5 mp, and now have 8/22 mp.
Casting: Lee's Rapid Deconstruction (dangerous; 1% risk of failure)
Confirm with . or Enter, or press ? or * to list all spells.
Aiming: Lee's Rapid Deconstruction (dangerous; 1% risk of failure)
Press: ? - help, Dir - move target A rock wall.
The wall shatters!
The blast of rock fragments hits the komodo dragon!
The komodo dragon bites you!!
You die...

Skill      XL: |  1  2  3  4  5  6  7  8  9 10 11 |
---------------+----------------------------------+-----
Earth Magic    | 4 5 6 8 9 11 12 13 | 13.2
Conjurations   | 1 2 3 4 5 6 |  6.0
Spellcasting   | 3 4 5 6 7 |  7.3
Transmutations | 2 3 |  3.0
Armour         | 1 3 4 |  4.8
Fighting       | 1 3 4 |  4.7
Staves         | 1 3 4 |  4.2
Evocations     | 1 3 4 |  4.0
Dodging        | 2 3 4 |  4.1
Fire Magic     | 2 |  2.2
Hexes          | 2 |  2.1
Stealth        | |  2.1

Action                   |  1- 3 |  4- 6 |  7- 9 | 10-12 || total
-------------------------+-------+-------+-------+-------++-------
Melee: Unarmed           |     3 |       |       |       ||     3
       Club              |     1 |       |       |       ||     1
       Hand axe          |    13 |       |       |       ||    13
       Dagger            |       |   152 |    54 |       ||   206
       Flail             |       |       |    31 |       ||    31
       Mace              |       |       |     4 |    86 ||    90
Throw: Boomerang         |    29 |     2 |    58 |     3 ||    92
       Dart              |       |       |    27 |       ||    27
       Throwing net      |       |       |     1 |       ||     1
 Cast: Sandblast         |    41 |    52 |   102 |    34 ||   229
       Magic Dart        |       |       |    39 |   252 ||   291
       Stone Arrow       |       |       |     9 |    83 ||    92
       Lee's Rapid Decon |       |       |     2 |    20 ||    22
  Use: Scroll            |     4 |     2 |     6 |     2 ||    14
       Potion            |       |       |     1 |       ||     1
 Stab: Sleeping          |       |     2 |     2 |       ||     4
       Held in net/web   |       |       |     1 |       ||     1
Armor: Robe              |     7 |    42 |    56 |    21 ||   126
       Leather armour    |       |       |       |    63 ||    63
Dodge: Dodged            |    14 |   109 |    72 |   126 ||   321

Levels and vault maps discovered:
D:1:      lemuel_arrival_room, layout_loops_ring, minmay_gold_behind_fungi,
          minmay_cut_off
D:2:      layout_loops_ring, general_overflow_altar,
          chequers_ecumenical_altar_simple
D:3:      layout_basic, bloody_trog
D:4:      layout_loops_ring, lemuel_doored_altar,
          minmay_overflow_temple_star_quad, gammafunk_ghost_split, serial_shops,
          kennysheep_mini
D:5:      layout_gridville, grunt_temple_overflow_open,
          nicolae_overflow_crystal_walls
D:6:      layout_rooms, nemelex_altar_shiori, serial_shops, nicolae_shop_crystal
D:7:      layout_basic, minmay_temple_entry_arrows
D:8:      kennysheep_big_flooded_room, layout_basic
D:9:      layout_grid_maze, nicolae_ru_great_annihilating_truth,
          overflow_temple_1_default, hiddenorc2_lemuel, serial_shops, shop,
          nicolae_shop_crystal, uniq_erolcha
D:10:     layout_rooms, lair_entry_dummy, hangedman_ranch
          [blue_anna_fruit_fields]
Lair:1:   layout_regular_city

Notes
Turn   | Place    | Note
-------+----------+-------------------------------------------
     0 | D:1      | phalm the Gargoyle Earth Elementalist began the quest for
                  | the Orb.
     0 | D:1      | Reached XP level 1. HP: 10/10 MP: 3/3
     0 | D:1      | magus.rc [v1.9.10]
   102 | D:1      | Reached skill level 4 in Earth Magic
   118 | D:1      | Reached XP level 2. HP: 15/15 MP: 3/5
   385 | D:1      | Reached XP level 3. HP: 19/19 MP: 4/6
   658 | D:1      | Learned a level 3 spell: Stone Arrow
  1156 | D:2      | Found a faded altar of an unknown god.
  1354 | D:2      | Reached skill level 5 in Earth Magic
  1430 | D:2      | Reached skill level 1 in Conjurations
  1430 | D:2      | Reached XP level 4. HP: 24/24 MP: 4/7
  2143 | D:2      | Found an iron altar of Okawaru.
  2427 | D:3      | Found a bloodstained altar of Trog.
  2478 | D:3      | Reached skill level 2 in Conjurations
  2491 | D:3      | Reached XP level 5. HP: 26/28 MP: 0/9
  3358 | D:4      | Found a runed translucent gate.
  3358 | D:4      | Found a runed translucent gate.
  3358 | D:4      | Noticed an ogre
  3361 | D:4      | Killed an ogre
  3362 | D:4      | Reached skill level 3 in Spellcasting
  3362 | D:4      | Reached skill level 3 in Conjurations
  3362 | D:4      | Reached skill level 6 in Earth Magic
  3362 | D:4      | Reached XP level 6. HP: 32/32 MP: 6/10
  3362 | D:4      | Found a runed translucent gate.
  3401 | D:4      | Noticed phalm's ghost (amateur DECj)
  3454 | D:4      | Found Kaarep's Distillery.
  3457 | D:4      | Bought a potion of heal wounds for 50 gold pieces
  3457 | D:4      | Bought a potion of lignification for 30 gold pieces
  3457 | D:4      | Bought a potion of curing for 30 gold pieces
  3487 | D:4      | Killed phalm's ghost
  3671 | D:4      | Reached skill level 4 in Conjurations
  3787 | D:4      | Found a snail-covered altar of Cheibriados.
  3861 | D:4      | Reached XP level 7. HP: 30/36 MP: 8/12
  4076 | D:4      | Reached skill level 7 in Earth Magic
  4089 | D:4      | Found a hazy altar of Hepliaklqana.
  4095 | D:4      | Found a blossoming altar of Fedhas.
  4098 | D:4      | Found a broken altar of Ashenzari.
  4219 | D:5      | Entered Level 5 of the Dungeon
  4447 | D:5      | Found an opulent altar of Gozag.
  4473 | D:5      | Reached skill level 5 in Conjurations
  4688 | D:5      | Found a radiant altar of Vehumet.
  4712 | D:5      | Reached skill level 4 in Spellcasting
  4737 | D:5      | Became a worshipper of Vehumet
  4776 | D:5      | Found a shimmering blue altar of Sif Muna.
  4830 | D:5      | Reached skill level 8 in Earth Magic
  4830 | D:5      | Reached XP level 8. HP: 38/41 MP: 11/14
  4945 | D:5      | Learned a level 5 spell: Lee's Rapid Deconstruction
  4948 | D:5      | Learned a level 2 spell: Passwall
  5098 | D:5      | Reached skill level 6 in Conjurations
  5115 | D:5      | Reached skill level 1 in Transmutations
  5505 | D:6      | Reached skill level 9 in Earth Magic
  5697 | D:6      | Reached skill level 2 in Transmutations
  5759 | D:6      | Found Kitiorr's Distillery.
  5771 | D:6      | Bought 2 potions of curing for 66 gold pieces
  5771 | D:6      | Bought a potion of curing for 33 gold pieces
  5771 | D:6      | Bought a potion of mutation for 88 gold pieces
  5771 | D:6      | Gained mutation: You are partially covered in iridescent
                  | scales. (AC +2) [potion of mutation]
  5771 | D:6      | Gained mutation: You possess an exceptional clarity of
                  | mind. [potion of mutation]
  5922 | D:6      | Found a sparkling altar of Nemelex Xobeh.
  5949 | D:6      | Reached skill level 5 in Spellcasting
  6144 | D:7      | Reached XP level 9. HP: 45/45 MP: 13/16
  6169 | D:7      | Reached * piety under Vehumet
  6169 | D:7      | Offered knowledge of Magic Dart by Vehumet.
  6172 | D:7      | Learned a level 1 spell: Magic Dart
  6239 | D:7      | Reached skill level 10 in Earth Magic
  6513 | D:7      | Reached skill level 3 in Transmutations
  6981 | D:7      | Reached skill level 11 in Earth Magic
  6997 | D:7      | Reached skill level 6 in Spellcasting
  7117 | D:7      | Found a staircase to the Ecumenical Temple.
  7196 | D:8      | Offered knowledge of Freeze by Vehumet.
  7198 | D:8      | Reached ** piety under Vehumet
  7336 | D:8      | Reached skill level 1 in Armour
  7353 | D:8      | Reached skill level 1 in Fighting
  7353 | D:8      | Reached skill level 1 in Staves
  7421 | D:8      | Reached skill level 1 in Evocations
  7637 | D:8      | Reached skill level 2 in Dodging
  7786 | D:8      | Reached XP level 10. HP: 52/52 MP: 14/19
  8581 | D:9      | Reached skill level 2 in Armour
  8791 | D:9      | Reached skill level 2 in Fighting
  9040 | D:9      | Found Vekkoxzi's Antique Weapon Shoppe.
  9073 | D:9      | Reached skill level 2 in Staves
  9209 | D:9      | Found a sacrificial altar of Ru.
  9248 | D:9      | Reached skill level 2 in Evocations
  9249 | D:9      | Offered knowledge of Conjure Flame by Vehumet.
  9306 | D:9      | Reached *** piety under Vehumet
  9445 | D:9      | Found a staircase to the Orcish Mines.
  9780 | D:9      | Found Megahat's Assorted Antiques.
  9798 | D:9      | magus.rc [v1.9.10]
  9906 | D:9      | Reached skill level 12 in Earth Magic
  9908 | D:9      | Offered knowledge of Airstrike by Vehumet.
 10645 | D:9      | Noticed Erolcha
 10650 | D:9      | Killed Erolcha
 10651 | D:9      | Reached skill level 3 in Fighting
 10651 | D:9      | Reached skill level 3 in Armour
 10651 | D:9      | Reached skill level 3 in Dodging
 10936 | D:9      | Found a hide-covered altar of Uskayaw.
 10994 | D:10     | Entered Level 10 of the Dungeon
 10994 | D:10     | Noticed a two-headed ogre
 10999 | D:10     | Killed a two-headed ogre
 11000 | D:10     | Reached skill level 3 in Staves
 11000 | D:10     | Reached skill level 3 in Evocations
 11023 | D:10     | Reached XP level 11. HP: 60/60 MP: 9/21
 11101 | D:10     | Reached **** piety under Vehumet
 11203 | D:10     | Offered knowledge of Inner Flame by Vehumet.
 11229 | D:10     | Learned a level 3 spell: Inner Flame
 11472 | D:10     | Reached skill level 4 in Armour
 11472 | D:10     | Reached skill level 7 in Spellcasting
 11659 | D:10     | Noticed a two-headed ogre
 11667 | D:10     | Killed a two-headed ogre
 11668 | D:10     | Reached skill level 4 in Fighting
 11821 | D:10     | Reached skill level 1 in Fire Magic
 12005 | D:10     | Reached skill level 1 in Hexes
 12162 | D:10     | Found a staircase to the Lair.
 12331 | D:10     | Noticed a three-headed hydra
 12338 | D:10     | Killed a three-headed hydra
 12408 | D:10     | Reached skill level 13 in Earth Magic
 12506 | D:10     | Reached skill level 4 in Staves
 12708 | D:9      | Bought a pair of brightly glowing boots for 351 gold pieces
 12718 | D:9      | Identified the +2 pair of boots "Xeribb" {*Corrode rPois
                  | rC+ SInv} (You bought it in a shop on level 9 of the
                  | Dungeon)
 12784 | Lair:1   | Entered Level 1 of the Lair of Beasts
 12818 | Lair:1   | Reached ***** piety under Vehumet
 12820 | Lair:1   | Noticed a seven-headed hydra
 12826 | D:10     | Reached skill level 2 in Fire Magic
 12942 | D:10     | Reached skill level 4 in Dodging
 12942 | D:10     | HP: 14/62 [seven-headed hydra (8)]
 12943 | D:10     | Offered knowledge of Conjure Ball Lightning by Vehumet.
 12943 | D:10     | HP: 5/62 [seven-headed hydra (8)]
 12944 | D:10     | Killed a seven-headed hydra
 12945 | D:10     | Reached skill level 2 in Hexes
 12945 | D:10     | Reached skill level 4 in Evocations
 13229 | Lair:1   | Noticed a four-headed hydra
 13235 | D:10     | Mangled by a komodo dragon

Vanquished Creatures
  Erolcha (D:9)
  2 hydras (D:10)
  2 two-headed ogres (D:10)
  A black mamba (Lair:1)
  A cane toad (D:10)
  A komodo dragon (D:10)
  A hornet (D:9)
  2 dream sheep (D:10)
  A steam dragon (D:10)
  A soldier ant (D:10)
  The ghost of phalm the Conjurer, an amateur DECj (D:4)
  2 water moccasins (D:10)
  2 necrophages
  4 ice beasts
  2 sky beasts
  3 black bears
  2 phantoms
  6 orc warriors
  6 centaurs
  7 ogres
  6 big kobolds (D:10)
  8 bullfrogs
  A wyvern skeleton (D:9)
  2 scorpions
  6 killer bees
  20 wights
  4 howler monkeys
  2 bullfrog zombies
  A quasit (D:9)
  2 jellies (D:9)
  6 orc wizards
  6 orc priests
  5 hounds
  4 bullfrog skeletons
  A centaur skeleton (D:9)
  2 iguanas (D:9)
  6 worker ants
  2 hound zombies
  A howler monkey zombie (D:7)
  6 adders
  A howler monkey skeleton (D:9)
  A shadow imp (D:10)
  2 white imps
  4 ufetubi
  An ooze (D:2)
  An adder skeleton (D:4)
  2 adder zombies
  6 worms
  2 dart slugs (D:1)
  4 leopard geckos
  86 orcs
  12 bats
  7 giant cockroaches
  13 goblins
  11 hobgoblins
  4 jackals
  3 quokkas
  2 ball pythons
  5 frilled lizards
  27 kobolds
  3 quokka skeletons
  10 rats
346 creatures vanquished.

Vanquished Creatures (others)
  8 plants
  5 toadstools (D:1)
13 creatures vanquished.

Grand Total: 359 creatures vanquished

Table legend:
 A = Non-vault XP
 B = Vault XP
 C = Vault XP percentage of total XP
 D = Non-vault monster count
 E = Vault monster count
 F = Vault count percentage of total count
                 A         B        C        D         E       F
            +---------+---------+-------+---------+---------+-------
      Total |   13316 |    3565 |  21.1 |     292 |      54 |  15.6
            +---------+---------+-------+---------+---------+-------
        D:1 |      46 |      11 |  19.3 |      27 |       6 |  18.2
        D:2 |      67 |       0 |   0.0 |      21 |       0 |   0.0
        D:3 |      92 |       0 |   0.0 |      36 |       0 |   0.0
        D:4 |     485 |     154 |  24.1 |      19 |       3 |  13.6
        D:5 |     828 |       0 |   0.0 |      15 |       0 |   0.0
        D:6 |     624 |       0 |   0.0 |      14 |       0 |   0.0
        D:7 |    1465 |       0 |   0.0 |      31 |       0 |   0.0
        D:8 |     691 |     213 |  23.6 |      15 |       2 |  11.8
        D:9 |    2181 |    1456 |  40.0 |      35 |      37 |  51.4
       D:10 |    6223 |    1731 |  21.8 |      76 |       6 |   7.3
     Lair:1 |     614 |       0 |   0.0 |       3 |       0 |   0.0
            +---------+---------+-------+---------+---------+-------

Illustrated notes

Table legend:
 A = Kills in this place as a percentage of kills in entire the game.
 B = Kills by you in this place as a percentage of kills by you in the entire game.
 C = Kills by friends in this place as a percentage of kills by friends in the entire game.
 D = Other kills in this place as a percentage of other kills in the entire game.
 E = Experience gained in this place as a percentage of experience gained in the entire game.
 F = Experience gained in this place divided by the number of levels of this place that you have seen.
                   A       B       C       D       E      F
               +-------+-------+-------+-------+-------+----------------------
         Total | 100.0 | 100.0 |   N/A |   N/A | 100.0 | 1534.6
       Dungeon |  99.1 |  99.1 |   N/A |   N/A |  96.4 | 1626.7
          Lair |   0.9 |   0.9 |   N/A |   N/A |   3.6 | 614.0
               +-------+-------+-------+-------+-------+----------------------

Table legend: (Time is in decaauts)
 A = Elapsed time spent in this place.
 B = Non-inter-level travel time spent in this place.
 C = Inter-level travel time spent in this place.
 D = Time resting spent in this place.
 E = Time spent auto-exploring this place.
 F = Levels seen in this place.
 G = Mean time per level.
                   A        B        C        D        E       F      G
               +--------+--------+--------+--------+--------+-----+--------+
         Total |  13309 |  12743 |    566 |    256 |  10390 |  11 | 1209.9 |
       Dungeon |  13266 |  12700 |    566 |    254 |  10384 |  10 | 1326.6 |
          Lair |     43 |     43 |      0 |      2 |      6 |   1 |   43.0 |
               +--------+--------+--------+--------+--------+-----+--------+

Top non-repeatable levels by time:
     D:9: 2765 daAuts
    D:10: 2142 daAuts
     D:5: 1296 daAuts
     D:1: 1154 daAuts
     D:8: 1127 daAuts
     D:4: 1068 daAuts
     D:7: 1059 daAuts
     D:2: 1044 daAuts
     D:3: 999 daAuts
     D:6: 606 daAuts
  Lair:1: 43 daAuts
